Map: [ESL] Alcyone

Players

ONSYDESolar (Solar) - Winner!

  • Race: Zerg Zerg
  • League: Master
  • Spawn Location: 1:00

GuMiho

  • Race: Terran Terran
  • Spawn Location: 7:00

VOD

Have the link to the VOD?

Description

Time

  • Played on: Dec. 11, 2023, 7:35 a.m.
  • Length: 17:18
Show
View Real Time Build Order
Export as new Build Order

ONSYDESolar Zerg - Winner!

Build Orders: Hatch First 

Get SALT Encoding   

  12  0:00  Drone  
  13  0:07  Drone  
  14  0:15  Drone, Extractor  
  15  0:36  Hatchery  
  15  0:42  Drone, Extractor  
  15  0:49  Overlord  
  15  1:02  Spawning Pool  
  14  1:07  Drone  
  14  1:09  Drone  
  16  1:13  Drone  
  17  1:19  Drone  
  18  1:26  Extractor  
  18  1:29  Drone  
  18  1:40  Drone  
  19  1:49  Drone, Queen x2  
  19  1:51  Drone  
  25  2:01  Overlord  
  25  2:02  Drone  
  26  2:11  Drone x2  
  28  2:22  Drone  
  29  2:25  Queen, Overlord  
  31  2:39  Hatchery, Drone  
  32  2:44  Drone x2  
  32  2:46  Drone  
  32  2:50  Metabolic Boost  
  34  2:54  Drone  
  34  2:57  Drone  
  36  3:02  Drone x3  
  39  3:06  Overlord  
  39  3:08  Drone  
  39  3:10  Drone  
  42  3:12  Drone  
  42  3:16  Zergling x4  
  44  3:23  Overlord  
  44  3:32  Queen  
  44  3:33  Queen  
  48  3:36  Drone x4  
  48  3:38  Overlord  
  52  3:43  Zergling x2  
  52  3:44  Drone x3  
  56  3:50  Queen  
  56  3:51  Drone  
  56  3:53  Zergling x2  
  60  3:58  Overlord  
  60  4:02  Drone x2  
  62  4:03  Drone x3  
  62  4:08  Drone  
  66  4:11  Queen  
  66  4:12  Overlord  
  66  4:13  Drone  
  69  4:18  Overlord  
  69  4:22  Drone  
  69  4:25  Drone, Lair  
  69  4:28  Drone  
  69  4:30  Spore Crawler, Baneling Nest  
  69  4:31  Queen  
  69  4:32  Extractor  
  69  4:36  Drone  
  69  4:37  Drone x4  
  75  4:40  Drone  
  75  4:42  Spore Crawler, Drone  
  75  4:43  Drone x2  
  78  4:47  Overlord  
  78  4:48  Zergling x6  
  81  4:52  Queen  
  81  4:56  Overlord  
  81  4:57  Overlord  
  81  4:58  Extractor  
  82  5:00  Overlord  
  82  5:02  Overlord  
  82  5:06  Extractor  
  80  5:08  Zergling x8  
  80  5:11  Drone  
  85  5:16  Drone  
  85  5:17  Drone, Hatchery  
  86  5:21  Drone  
  86  5:23  Drone  
  86  5:26  Centrifugal Hooks, Zergling x6  
  91  5:30  Zergling x2, Evolution Chamber  
  91  5:31  Evolution Chamber  
  91  5:33  Zergling x2  
  92  5:35  Zergling x2  
  92  5:36  Zergling x4  
  92  5:37  Overlord  
  92  5:39  Zergling x2  
  95  5:44  Zergling x6  
  95  5:49  Zergling x4  
  100  5:51  Baneling x10  
  100  5:53  Zergling x2  
  101  5:57  Zergling x2  
  101  5:58  Zergling x2  
  101  5:59  Zerg Ground Armor Level 1  
  101  6:02  Overlord  
  103  6:08  Zergling x12  
  103  6:10  Baneling x2  
  109  6:15  Zergling x6  
  111  6:25  Drone x5, Spire  
  116  6:26  Extractor  
  116  6:27  Queen x2  
  116  6:30  Drone  
  116  6:31  Drone x3  
  116  6:32  Drone  
  122  6:38  Spore Crawler  
  119  6:40  Drone x2  
  119  6:42  Drone  
  119  6:44  Drone  
  117  6:50  Spore Crawler  
  117  6:52  Drone x2  
  117  7:01  Drone x6  
  122  7:06  Queen  
  124  7:09  Queen  
  124  7:12  Spore Crawler  
  124  7:14  Overlord, Extractor  
  124  7:16  Drone  
  124  7:19  Overlord  
  125  7:24  Drone  
  105  7:32  Overlord  
  105  7:34  Drone x5  
  104  7:38  Corruptor x2  
  105  7:45  Corruptor x2  
  109  7:52  Corruptor x2  
  109  7:55  Corruptor  
  113  8:00  Corruptor  
  113  8:02  Drone  
  114  8:06  Drone  
  114  8:07  Drone, Roach Warren  
  114  8:08  Drone  
  114  8:09  Drone  
  114  8:10  Drone  
  114  8:12  Drone x2  
  116  8:17  Drone x2  
  118  8:20  Zerg Missile Weapons Level 1  
  118  8:21  Drone  
  118  8:22  Drone x2  
  118  8:24  Drone x4  
  125  8:28  Baneling  
  125  8:29  Baneling  
  125  8:32  Corruptor, Overlord  
  125  8:34  Corruptor  
  127  8:38  Extractor  
  127  8:40  Overlord  
  128  8:41  Zerg Flyer Weapons Level 1  
  128  8:44  Corruptor  
  128  8:47  Corruptor x2  
  134  8:50  Drone  
  134  8:52  Glial Reconstitution, Roach x3  
  134  8:55  Zergling x6  
  140  9:04  Overlord  
  140  9:05  Roach x2  
  140  9:07  Drone x3, Hatchery  
  140  9:08  Extractor  
  145  9:13  Corruptor  
  145  9:14  Corruptor  
  149  9:18  Overlord x2  
  149  9:20  Corruptor  
  149  9:26  Roach x4  
  149  9:28  Zergling x8  
  161  9:31  Overlord  
  161  9:32  Spore Crawler  
  161  9:35  Infestation Pit  
  161  9:38  Roach x4  
  167  9:41  Baneling x6  
  167  9:42  Ravager x3  
  170  9:46  Overseer, Extractor  
  170  9:47  Zergling x10  
  170  9:50  Zergling x6  
  177  9:59  Roach x6  
  186  10:02  Zergling x8  
  186  10:03  Baneling  
  186  10:04  Baneling x3  
  186  10:06  Zergling x4  
  191  10:10  Overlord x2  
  191  10:12  Corruptor  
  185  10:16  Hive  
  185  10:21  Zerg Melee Weapons Level 1  
  185  10:22  Corruptor  
  185  10:24  Evolution Chamber  
  185  10:25  Zergling x6  
  185  10:27  Drone x2  
  191  10:29  Drone  
  191  10:31  Infestor  
  194  10:36  Infestor  
  173  10:43  Zergling x16  
  173  10:49  Zergling x2  
  171  10:50  Zergling x6  
  171  10:52  Roach x2  
  171  10:53  Roach x3  
  176  10:57  Zergling x2, Roach x2  
  176  10:58  Zergling x2  
  176  11:00  Roach  
  176  11:04  Roach x4  
  182  11:08  Roach  
  182  11:09  Roach x2  
  175  11:11  Roach x2  
  175  11:12  Roach  
  175  11:16  Roach  
  173  11:24  Zergling x10  
  173  11:28  Greater Spire  
  173  11:31  Adrenal Glands  
  160  11:33  Hatchery  
  160  11:36  Ravager  
  160  11:37  Corruptor x3, Ravager x3  
  169  11:40  Spore Crawler  
  169  11:42  Spine Crawler  
  169  11:43  Spine Crawler  
  169  11:46  Drone x3  
  169  11:50  Corruptor x2  
  169  11:53  Zergling x4  
  175  11:55  Baneling x4  
  175  11:56  Baneling x2  
  175  11:58  Zergling x6  
  175  11:59  Extractor x2  
  175  12:01  Zerg Missile Weapons Level 2  
  176  12:03  Corruptor  
  176  12:07  Corruptor  
  180  12:09  Zergling x6  
  180  12:14  Zergling x12  
  179  12:21  Zergling x2  
  179  12:22  Zergling x6  
  178  12:23  Zergling x2  
  178  12:27  Baneling x5  
  179  12:41  Brood Lord  
  179  12:42  Brood Lord x4  
  189  12:46  Corruptor  
  189  12:48  Zergling x12  
  189  12:49  Zergling x6  
  198  12:52  Corruptor  
  198  12:59  Corruptor  
  198  13:02  Corruptor  
  198  13:04  Zerg Melee Weapons Level 2  
  196  13:07  Drone x2  
  196  13:08  Drone  
  190  13:38  Corruptor x4  
  190  13:40  Zergling x2, Roach x4  
  190  13:41  Zergling x2  
  193  13:50  Zergling x14  
  199  13:59  Overlord x2  
  199  14:01  Overlord  
  189  14:04  Overlord x2  
  189  14:07  Overlord  
  189  14:09  Overlord  
  165  14:11  Corruptor  
  165  14:12  Corruptor x6  
  165  14:13  Zerg Flyer Armor Level 1  
  157  14:24  Drone x9  
  152  14:41  Hatchery  
  152  14:43  Baneling  
  145  14:50  Drone x8  
  148  14:54  Roach x2  
  148  14:57  Zergling x2  
  150  15:04  Ravager x6  
  151  15:08  Zergling x6  
  151  15:11  Zergling x4  
  151  15:12  Baneling  
  151  15:13  Ravager  
  157  15:14  Ravager  
  157  15:15  Ravager  
  157  15:16  Ravager x2  
  157  15:20  Roach  
  163  15:26  Roach  
  163  15:27  Roach  
  167  15:28  Zergling x4  
  167  15:31  Roach  
  167  15:33  Baneling  
  167  15:34  Baneling x2  
  170  15:38  Zergling x4  
  162  15:47  Roach x3  
  143  15:51  Roach  
  143  15:56  Baneling x2  
  145  15:57  Zergling x6  
  145  16:03  Zergling x6  
  148  16:08  Zergling x8  
  148  16:11  Zergling x4  
  149  16:16  Roach x2  
  143  16:21  Roach x3  
  143  16:22  Roach  
  135  16:27  Baneling x7  
  132  16:35  Roach x2  
  132  16:39  Roach x3  
  137  16:41  Roach x2  
  137  16:42  Zergling x2  
  137  16:45  Roach  
  137  16:46  Zergling x2  
  138  16:48  Zergling x4  
  138  16:52  Zergling x2  
  138  16:53  Zergling x4  
  139  16:56  Zergling x4  
  139  16:58  Roach  
  130  17:06  Ravager  
Show
View Real Time Build Order
Export as new Build Order

GuMiho Terran 

Build Orders: Reaper Expand 

Get SALT Encoding   

  12  0:00  SCV  
  13  0:12  SCV  
  14  0:17  Supply Depot  
  14  0:24  SCV  
  15  0:38  SCV  
  15  0:41  Barracks  
  16  0:42  Refinery  
  16  0:50  SCV  
  17  1:03  SCV  
  18  1:15  SCV  
  19  1:27  Orbital Command  
  19  1:28  Reaper  
  20  1:38  Command Center  
  20  1:46  Supply Depot  
  20  1:53  SCV  
  21  2:02  Factory  
  21  2:05  SCV, Marine  
  23  2:10  Refinery  
  23  2:17  SCV  
  24  2:27  Barracks Reactor  
  24  2:30  SCV  
  25  2:42  SCV  
  26  2:48  Starport  
  26  2:50  Orbital Command  
  26  2:54  SCV  
  27  3:06  SCV  
  27  3:07  Refinery, Hellion x2  
  32  3:15  SCV  
  32  3:19  SCV  
  34  3:23  Marine  
  34  3:24  Viking  
  34  3:25  Supply Depot  
  37  3:28  SCV  
  37  3:30  Hellion  
  37  3:31  SCV  
  37  3:33  Hellion  
  43  3:40  SCV  
  44  3:42  Barracks Tech Lab  
  44  3:43  SCV  
  45  3:49  Supply Depot  
  45  3:52  SCV, Fusion Core  
  45  3:55  SCV  
  47  4:04  SCV  
  47  4:06  Starport  
  47  4:07  SCV  
  49  4:10  Refinery  
  49  4:13  Barracks Tech Lab  
  49  4:14  Supply Depot  
  49  4:16  SCV  
  50  4:19  SCV  
  51  4:28  SCV  
  52  4:31  SCV  
  53  4:39  Supply Depot  
  53  4:41  SCV  
  53  4:42  Weapon Refit  
  53  4:43  SCV  
  55  4:55  SCV x2  
  55  4:56  Supply Depot  
  57  5:06  Battlecruiser  
  63  5:10  Battlecruiser  
  63  5:11  SCV x2  
  71  5:17  Hellion x2  
  75  5:23  SCV x2  
  77  5:29  Command Center  
  78  5:35  SCV x2  
  78  5:40  Supply Depot, Hellion x2  
  83  5:47  SCV  
  84  5:54  Supply Depot  
  84  5:57  SCV  
  84  5:59  SCV  
  84  6:02  Hellion x2  
  90  6:10  SCV  
  91  6:12  SCV  
  91  6:16  Battlecruiser  
  98  6:23  SCV  
  98  6:24  SCV  
  100  6:30  Hellion  
  100  6:32  Supply Depot  
  102  6:34  Supply Depot x2  
  102  6:41  SCV, Battlecruiser, Hellion  
  102  6:42  SCV  
  112  6:47  Factory  
  112  6:48  Factory  
  112  6:54  SCV x2  
  114  6:57  Supply Depot  
  114  7:06  SCV x2  
  116  7:18  SCV x2  
  116  7:20  Battlecruiser  
  124  7:28  Hellion x2  
  117  7:30  SCV x2  
  113  7:41  Orbital Command  
  113  7:42  SCV  
  112  7:49  Hellion x2  
  116  7:54  SCV x2  
  116  7:55  Refinery x2, Engineering Bay, Factory Reactor, Factory Tech Lab  
  116  7:58  Command Center  
  118  8:06  SCV  
  118  8:11  Battlecruiser  
  121  8:13  SCV  
  121  8:14  SCV  
  121  8:18  Hurricane Engines, Cyclone  
  121  8:19  SCV  
  124  8:20  Cyclone x2  
  124  8:25  SCV  
  129  8:27  Armory  
  129  8:28  Armory  
  129  8:31  SCV  
  130  8:37  SCV, Command Center  
  130  8:40  Cyclone x2  
  135  8:51  Cyclone  
  135  8:52  Cyclone x2  
  135  8:57  SCV x3  
  138  9:09  Missile Turret  
  136  9:18  Cyclone x2  
  136  9:23  Terran Vehicle And Ship Armor Level 1, Terran Vehicle Weapons Level 1  
  142  9:24  Cyclone x2  
  142  9:25  SCV x2  
  142  9:26  SCV  
  149  9:38  Missile Turret, Refinery x2, Sensor Tower  
  149  9:47  Factory  
  149  9:49  Siege Tank, Factory  
  149  9:50  Cyclone  
  149  9:51  Cyclone  
  148  10:00  SCV x2  
  148  10:01  Planetary Fortress, SCV  
  151  10:13  Orbital Command, Battlecruiser  
  157  10:19  Missile Turret  
  157  10:20  Hellion  
  157  10:21  Missile Turret, Hellion  
  161  10:22  Siege Tank, Infernal Pre-Igniter  
  161  10:23  Missile Turret  
  161  10:25  Missile Turret  
  164  10:33  Missile Turret  
  164  10:35  Missile Turret  
  142  10:49  Cyclone x2  
  129  10:50  Cyclone x2  
  129  10:53  Battlecruiser  
  129  10:54  Cyclone x2  
  129  10:55  Hellion  
  125  11:16  Hellion  
  125  11:17  Battlecruiser  
  128  11:21  Cyclone x2  
  128  11:22  Cyclone x2  
  124  11:26  Cyclone x2  
  124  11:28  SCV x4  
  124  11:33  Terran Vehicle Weapons Level 2  
  124  11:34  Terran Vehicle And Ship Armor Level 2  
  124  11:38  Hellion  
  126  11:40  SCV  
  126  11:42  SCV  
  126  11:45  SCV  
  129  11:52  Orbital Command  
  129  11:53  SCV x2, Hellion x2  
  135  11:54  SCV  
  135  11:55  Hellion x2  
  135  11:59  Cyclone, Factory  
  135  12:00  Factory  
  142  12:02  Factory  
  142  12:04  Factory Tech Lab x2  
  142  12:05  SCV  
  143  12:10  SCV x2  
  143  12:14  Hellion  
  143  12:15  Hellion  
  149  12:16  Cyclone  
  149  12:20  Hellion  
  147  12:23  SCV x4  
  147  12:24  Siege Tank  
  147  12:26  Siege Tank  
  157  12:31  Siege Tank  
  157  12:35  SCV x4  
  157  12:36  Hellion x2  
  168  12:37  Missile Turret  
  168  12:38  Missile Turret  
  168  12:41  Hellion  
  170  12:45  Battlecruiser, Command Center  
  170  12:47  SCV  
  170  12:48  Hellion  
  170  12:49  Hellion x2  
  170  12:50  Hellion  
  179  12:52  Refinery  
  179  12:55  Factory Tech Lab  
  179  12:56  Factory Tech Lab  
  179  12:57  Factory Tech Lab  
  178  13:08  Siege Tank, Hellion, Smart Servos  
  178  13:09  Viking  
  177  13:23  Hellion  
  177  13:24  Hellion  
  179  13:29  Hellion  
  179  13:31  Hellion  
  178  13:39  Orbital Command  
  178  13:40  Hellion  
  178  13:41  Hellion x2, Viking  
  178  13:43  Siege Tank, Hellion  
  178  13:44  Thor  
  178  13:46  Hellion  
  178  13:47  Hellion  
  176  13:51  Hellion  
  176  13:54  Cyclone  
  178  14:01  Cyclone  
  178  14:02  Cyclone  
  175  14:03  Cyclone  
  175  14:04  Cyclone  
  175  14:05  Orbital Command  
  175  14:07  Thor  
  170  14:15  Thor  
  159  14:18  Hellion x2  
  161  14:25  Thor  
  161  14:29  Thor  
  173  14:35  SCV x3  
  170  14:49  SCV x3  
  170  14:50  SCV  
  164  14:56  Cyclone x2  
  164  14:57  Cyclone x2  
  171  15:01  SCV x2  
  171  15:04  Thor  
  171  15:05  Hellion  
  179  15:08  Siege Tank  
  179  15:11  SCV x2  
  179  15:13  SCV  
  185  15:14  Siege Tank  
  188  15:27  Cyclone x2  
  182  15:35  Siege Tank, Hellion x3  
  188  15:36  Hellion  
  188  15:40  Hellion  
  188  15:42  Medivac  
  153  15:50  Hellion x2  
  153  15:56  Cyclone x2  
  161  16:02  Hellion x2  
  164  16:07  Cyclone  
  164  16:09  Cyclone  
  155  16:14  Cyclone  
  141  16:28  Cyclone x2, Hellion  
  141  16:29  Hellion  
  141  16:30  Cyclone  
  151  16:33  SCV  
  151  16:37  Cyclone  
  140  16:42  Cyclone  
Tags
 
Add a new tag
Caveats
  • Supply blocks, unpowered buildings, or Contaminate may cause inaccurate times.
  • Supply counts are checked every 10 seconds.